 Dungeon Crawl Stone Soup version 0.30-a0-358-g0d69a1922f (webtiles) character file.

Game seed: 2117395867514331621

80984 KennySheep the Markstengu (level 15, -2/95 HPs)
             Began as a Tengu Berserker on Nov 10, 2022.
             Was the Champion of Trog.
             Slain by a goliath frog (22 damage)
             ... on level 1 of the Swamp on Nov 11, 2022.
             The game lasted 01:21:28 (21339 turns).

KennySheep the Markstengu (Tengu Berserker)        Turns: 21339, Time: 01:21:29

Health: -2/95      AC: 11    Str: 22    XL:     15   Next: 68%
Magic:  16/16      EV: 26    Int:  7    God:    Trog [******]
Gold:   1390       SH:  0    Dex: 24    Spells: 14/14 levels left

rFire   + . .      SeeInvis +    a - +6 arbalest (vorpal)
rCold   . . .      Faith    .    (shield currently unavailable)
rNeg    . . .      Spirit   .    S - +3 leather armour {rF+}
rPois   +          Reflect  .    (helmet restricted)
rElec   .          Harm     .    (no cloak)
rCorr   .          Rampage  .    N - +2 pair of gloves {Str+3}
Will    +....                    (boots unavailable)
Stlth   ++........               E - amulet of regeneration
HPRegen 1.15/turn                B - ring of see invisible
MPRegen 0.15/turn                D - ring of Zin's Delight {rPois Dex+4}

@: flying quickly and evasively, quick
A: beak, talons 3, nimble flight
a: Renounce Religion, Berserk, Trog's Hand, Brothers in Arms


You were on level 1 of the Swamp.
You worshipped Trog.
Trog was exalted by your worship.
You visited 4 branches of the dungeon, and saw 22 of its levels.

You collected 2164 gold pieces.
You spent 774 gold pieces at shops.

Inventory:

Hand Weapons
 a - a +6 vorpal arbalest (weapon)
 b - a +2 dagger of venom
 Q - a +0 scimitar of flaming
Armour
 N - a +2 pair of gloves of strength (worn)
 S - a +3 leather armour of fire resistance (worn)
Jewellery
 i - a ring of ice
 y - a ring of protection from fire
 B - a ring of see invisible (left hand)
 D - the ring of Zin's Delight (right hand) {rPois Dex+4}
   (You acquired it on level 9 of the Dungeon)

   [ring of poison resistance]

   Dex:       It affects your dexterity (+4).
   rPois:     It protects you from poison.
 E - an amulet of regeneration (around neck)
 F - an amulet of guardian spirit
 M - a ring of poison resistance
Wands
 e - a wand of polymorph (4)
 p - a wand of mindburst (27)
 C - a wand of flame (32)
 G - a wand of roots (12)
 K - a wand of acid (16)
 P - a wand of paralysis (8)
Scrolls
 d - 4 scrolls of vulnerability
 f - 2 scrolls of amnesia
 l - 2 scrolls of enchant armour
 m - 16 scrolls of identify
 n - a scroll of noise {unknown}
 o - 11 scrolls of teleportation
 s - 3 scrolls of blinking
 t - 3 scrolls of immolation
 v - 2 scrolls of fog
 w - 2 scrolls of poison
 x - 3 scrolls of magic mapping
 L - 3 scrolls of fear {unknown}
 O - a scroll of torment
 R - a scroll of silence
Potions
 g - 2 potions of flight
 h - a potion of curing
 j - 2 potions of magic
 k - 2 potions of cancellation
 q - 4 potions of degeneration
 r - 5 potions of haste
 u - a potion of attraction
 z - 5 potions of might
 A - 2 potions of berserk rage
 H - 6 potions of ambrosia
 I - 4 potions of lignification
 J - a potion of resistance


   Skills:
 + Level 11.2 Fighting
 - Level 3.2 Long Blades
 + Level 19.8 Ranged Weapons
 * Level 15.4 Armour
 + Level 11.9 Dodging


You had 14 spell levels left.
You didn't know any spells.
Your spell library was empty.

Dungeon Overview and Level Annotations

Branches:
Dungeon (14/15)            Temple (0/1) D:6            Lair (5/5) D:11
  Swamp (1/4) Lair:2       Spider (0/4) Lair:2        Slime (0/5) Lair:5
    Orc (2/2) D:12            Elf (0/3) Orc:2
 Vaults: D:13-14

Altars:
Fedhas
Gozag
Nemelex Xobeh
Qazlal
Uskayaw
Vehumet
Wu Jian
Yredelemnul

Shops:
D:9 *   D:10 (   D:12 ?   D:14 *(   Orc:2 ?[(?

Annotations:
D:7 exclusion: troll
D:11 exclusion: vault guard
D:12 1 runed translucent door


Innate Abilities, Weirdness & Mutations

You have a beak for a mouth.
You have claws for feet.
Your magical nature lets you fly swiftly and evasively.


Message History

You start resting.
HP restored.
(D) Dungeon (T) Temple (L) Lair (S) Swamp (N) Spider Nest (M) Slime Pits (O) Orcish Mines (E) Elven Halls
Where to? (Enter - D:13 @ (x,y), ? - help)
What level of the Swamp? (default 1, ? - help)
There is a stone staircase leading up here.
You fly upwards.
Level annotation: 1 runed translucent door
There is a stone staircase leading down here.
There is a stone staircase leading up, spattered with blood here.
You fly upwards.
Level annotation: exclusion: vault guard
There is a stone staircase leading down here.
There is a staircase to the Lair here.
You fly downwards.
Welcome back to the Lair of Beasts!
There is a staircase back to the Dungeon, spattered with blood here.
There is a stone staircase leading down here.
You fly downwards.
There is a stone staircase leading up, spattered with blood here.
There is a staircase to the Swamp here.
You fly downwards.
Welcome to the Swamp!
This branch is noisy: sounds don't travel as far here.
This branch contains the decaying rune of Zot.
The eleionoma shouts!
Found a potion of resistance.
Found an escape hatch in the floor.
There is a staircase back to the Lair here.
There are monsters nearby!
You shoot a bolt. The bolt hits the goliath frog!
The goliath frog is heavily wounded.
The goliath frog hits you!
You are splashed with acid!
The eleionoma flows through the trees.
You shoot a bolt.
The bolt barely misses the goliath frog.
The goliath frog hits you.
You are splashed with acid!
The eleionoma hurls a spray of splinters at you.
The spray of wooden splinters hits you!!!
* * * LOW HITPOINT WARNING * * *
The goliath frog hits you!!
You die...

♣♣~.~ ~.~.
♣♣.~. .
♣... ♣..
♣.~~ .>..
♣..♣ .....
♣.!♣~..~♣~
♣.@F.~.~~.
♣R..~~..~~
♣........~
♣♣.§......
♣♣♣♣♣♣§..
.. .


You could see an eleionoma and a goliath frog.

Vanquished Creatures
  Rupert (D:13)
  Kirke (Lair:5)
  Snorg (Orc:1)
  Josephine (D:10)
  A catoblepas (Lair:5)
  7 hydras
  2 boulder beetles (D:11)
  5 centaur warriors
  A naga warrior (D:14)
  4 two-headed ogres
  9 death yaks
  An orc high priest (Orc:2)
  Sonja (D:12)
  Amaemon (D:9)
  A goliath frog (Lair:5)
  A naga ritualist (D:14)
  A lindwurm (Lair:4)
  2 bog bodies (Lair:2)
  2 ugly things
  A harpy (shapeshifter) (D:13)
  A wolf spider (Lair:2)
  6 orc sorcerers
  A mana viper (D:14)
  5 cyclopes
  8 elephants
  2 manticores
  Maurice (D:13)
  A black mamba (Lair:4)
  An unseen horror (D:11)
  2 molten gargoyles (Lair:4)
  An orange demon (D:9)
  Psyche (D:8)
  14 komodo dragons
  19 cane toads
  4 rime drakes
  A queen bee (D:10)
  3 tyrant leeches (Lair:5)
  4 trolls
  3 polar bears
  A hornet (D:10)
  Prince Ribbit (D:4)
  17 dream sheep
  22 blink frogs
  A shadow (D:12)
  A culicivora (shapeshifter) (D:13)
  A vampire (D:10)
  4 fire elementals
  6 wraiths
  6 wyverns
  2 basilisks
  36 yaks
  5 hogs
  A steam dragon (Lair:2)
  9 vampire mosquitoes
  A redback (Lair:2)
  2 swamp worms (Lair:2)
  A naga (D:14)
  A swamp worm (shapeshifter) (D:11)
  15 water moccasins
  An acid dragon (D:8)
  Duvessa (D:5)
  A hell hound (D:11)
  21 orc warriors
  6 black bears
  2 ice beasts
  11 wolves
  4 ogres
  6 centaurs
  2 kobold brigands
  19 bullfrogs
  A gnoll sergeant (D:12)
  3 necrophages
  4 scorpions
  7 wights
  Dowan (D:5)
  27 killer bees
  3 howler monkeys
  2 electric eels
  5 lava snakes (Lair:4)
  2 hounds
  6 jellies
  2 gnoll boudas
  16 orc priests
  Natasha (thrice) (D:4)
  6 iguanas
  34 orc wizards
  7 hell rats (Lair:5)
  A statue (D:7)
  20 gnolls
  9 adders
  2 shadow imps
  4 ufetubi
  A worm (D:3)
  2 dart slugs
  47 orcs
  2 endoplasms (D:1)
  3 giant cockroaches
  4 goblins
  8 hobgoblins
  8 jackals
  5 quokkas
  2 ball pythons (D:1)
  A frilled lizard (D:1)
  12 kobolds
  3 rats
592 creatures vanquished.

Vanquished Creatures (collateral kills)
  Azrael (D:11)
  2 cane toads (Lair:5)
  3 yaks (Lair:5)
  A fire elemental (D:11)
  2 vampire mosquitoes (Lair:5)
  2 hell hounds (D:11)
11 creatures vanquished.

Vanquished Creatures (others)
  30 fungi
  108 plants
138 creatures vanquished.

Grand Total: 741 creatures vanquished

Notes
Turn   | Place    | Note
-------+----------+-------------------------------------------
     0 | D:1      | KennySheep the Tengu Berserker began the quest for the Orb.
     0 | D:1      | Reached XP level 1. HP: 14/14 MP: 2/2
   168 | D:1      | Reached XP level 2. HP: 19/19 MP: 3/3
   177 | D:1      | Reached skill level 1 in Ranged Weapons
   407 | D:1      | Reached XP level 3. HP: 23/23 MP: 4/4
   487 | D:1      | Reached ** piety under Trog
   864 | D:2      | Identified the +0 hand axe of the Empty Page {flame, rElec
                  | rC+ Str+4}
   879 | D:2      | You fall into a shaft and drop 1 floor!
  1297 | D:3      | Found a stormy altar of Qazlal.
  1302 | D:3      | Reached skill level 2 in Ranged Weapons
  1375 | D:3      | Found an ornate altar of the Wu Jian Council.
  1643 | D:4      | Found Jethrierch's Magic Scroll Shop.
  1651 | D:4      | Reached XP level 4. HP: 21/28 MP: 5/5
  1657 | D:4      | Bought a scroll of teleportation for 39 gold pieces
  1726 | D:4      | Noticed a necrophage
  1732 | D:4      | Killed a necrophage
  1733 | D:4      | Reached skill level 3 in Ranged Weapons
  1733 | D:4      | Gained mutation: Your magical nature lets you fly swiftly
                  | and evasively. [Tengu growth]
  1733 | D:4      | Reached XP level 5. HP: 33/33 MP: 6/6
  2207 | D:4      | Noticed Natasha
  2218 | D:4      | Killed Natasha
  2219 | D:4      | Reached XP level 6. HP: 35/38 MP: 7/7
  2349 | D:4      | Reached skill level 4 in Ranged Weapons
  2717 | D:4      | Noticed Natasha
  2726 | D:4      | Killed Natasha
  2768 | D:4      | Noticed an orc warrior
  2803 | D:4      | Reached XP level 7. HP: 43/43 MP: 8/8
  2869 | D:4      | Noticed Natasha
  2877 | D:4      | Killed Natasha
  2911 | D:4      | Reached skill level 5 in Ranged Weapons
  3047 | D:4      | Reached *** piety under Trog
  3178 | D:5      | Entered Level 5 of the Dungeon
  3195 | D:5      | Noticed Prince Ribbit
  3312 | D:4      | Killed Prince Ribbit
  3313 | D:4      | Reached skill level 5 in Fighting
  3313 | D:4      | Reached skill level 6 in Ranged Weapons
  3313 | D:4      | Reached XP level 8. HP: 31/49 MP: 9/9
  3457 | D:4      | Bought a scroll of fog for 52 gold pieces
  3457 | D:4      | Bought a scroll of poison for 52 gold pieces
  3485 | D:5      | Reached skill level 5 in Armour
  3589 | D:5      | Reached skill level 5 in Dodging
  3683 | D:5      | Noticed Duvessa
  3708 | D:5      | Noticed Dowan
  3714 | D:5      | Killed Duvessa
  3724 | D:5      | Killed Dowan
  4099 | D:5      | Reached skill level 7 in Ranged Weapons
  4151 | D:4      | Bought a scroll of identify for 26 gold pieces
  4151 | D:4      | Bought a scroll of identify for 26 gold pieces
  4466 | D:6      | Reached XP level 9. HP: 55/55 MP: 10/10
  4609 | D:6      | Reached skill level 8 in Ranged Weapons
  4881 | D:6      | Reached **** piety under Trog
  5201 | D:6      | Found a blossoming altar of Fedhas.
  5283 | D:6      | Found a staircase to the Ecumenical Temple.
  5751 | D:7      | Identified the +4 whip of Trial by Ordeal {vorpal, rPois
                  | rN+ Will+ Stlth+}
  5969 | D:7      | Found a radiant altar of Vehumet.
  6059 | D:7      | Reached skill level 9 in Ranged Weapons
  6835 | D:7      | Noticed a troll
  6981 | D:7      | Reached XP level 10. HP: 58/61 MP: 11/11
  7382 | D:8      | Found a basalt altar of Yredelemnul.
  7431 | D:8      | Noticed Psyche
  7442 | D:8      | Killed Psyche
  7443 | D:8      | Reached skill level 10 in Ranged Weapons
  7691 | D:8      | Found an opulent altar of Gozag.
  8497 | D:9      | Identified a scroll of acquirement
  8499 | D:9      | Acquired the ring of Zin's Delight {rPois Dex+4}
  8600 | D:4      | Bought a scroll of teleportation for 39 gold pieces
  8600 | D:4      | Bought a scroll of identify for 26 gold pieces
  8600 | D:4      | Bought a scroll of enchant weapon for 97 gold pieces
  8600 | D:4      | Bought a scroll of enchant weapon for 97 gold pieces
  8600 | D:4      | Bought a scroll of identify for 26 gold pieces
  8874 | D:9      | Noticed a two-headed ogre
  8928 | D:9      | Killed a two-headed ogre
  8929 | D:9      | Reached skill level 11 in Ranged Weapons
  9028 | D:9      | Reached XP level 11. HP: 68/68 MP: 12/12
  9137 | D:9      | Found Eluloan's CLEARANCE SALE!.
  9145 | D:9      | Bought a scroll of identify for 12 gold pieces
  9145 | D:9      | Bought a scroll of identify for 12 gold pieces
  9211 | D:9      | Noticed Amaemon
  9221 | D:9      | Killed Amaemon
  9222 | D:9      | Reached skill level 12 in Ranged Weapons
  9414 | D:10     | Entered Level 10 of the Dungeon
  9487 | D:10     | Noticed Josephine
  9496 | D:10     | Killed Josephine
  9497 | D:10     | Reached skill level 13 in Ranged Weapons
  9689 | D:10     | Reached ***** piety under Trog
  9758 | D:10     | Found Muikhlih's Antique Weapon Shoppe.
  9771 | D:10     | Reached skill level 14 in Ranged Weapons
  9855 | D:10     | Noticed a two-headed ogre
  9865 | D:10     | Killed a two-headed ogre
 10135 | D:10     | Reached skill level 15 in Ranged Weapons
 10171 | D:10     | Found a hide-covered altar of Uskayaw.
 10171 | D:10     | Noticed a two-headed ogre
 10175 | D:10     | Killed a two-headed ogre
 10292 | D:10     | Found a sparkling altar of Nemelex Xobeh.
 10371 | D:11     | Noticed a boulder beetle
 10375 | D:11     | Noticed a centaur warrior
 10378 | D:11     | Killed a boulder beetle
 10379 | D:11     | Reached XP level 12. HP: 60/73 MP: 13/13
 10387 | D:11     | Killed a centaur warrior
 10473 | D:11     | Reached skill level 16 in Ranged Weapons
 10725 | D:11     | Found a staircase to the Lair.
 10828 | D:11     | Noticed a vault guard
 11004 | D:12     | Found Oxyphuen's Magic Scroll Shop.
 11013 | D:12     | Bought a scroll of blinking for 90 gold pieces
 11202 | D:12     | Noticed Azrael
 11202 | D:12     | Noticed a boulder beetle
 11208 | D:11     | Killed Azrael
 11209 | D:11     | Reached skill level 17 in Ranged Weapons
 11622 | Lair:1   | Entered Level 1 of the Lair of Beasts
 12579 | Lair:2   | Noticed a five-headed hydra
 12587 | Lair:2   | Reached skill level 18 in Ranged Weapons
 12657 | Lair:2   | Killed a five-headed hydra
 12658 | Lair:2   | Reached XP level 13. HP: 78/78 MP: 14/14
 12804 | Lair:2   | Found a hole to the Spider Nest.
 12808 | Lair:2   | Identified the +2 battleaxe "Pamnes" {flame, rC+} (Trog
                  | gifted it to you on level 2 of the Lair of Beasts)
 12808 | Lair:2   | Received a gift from Trog
 12946 | Lair:2   | Reached skill level 10 in Armour
 12978 | Lair:2   | Found a staircase to the Swamp.
 15378 | Lair:4   | Reached XP level 14. HP: 86/86 MP: 15/15
 15616 | Lair:4   | Reached skill level 10 in Dodging
 16031 | Lair:4   | Reached skill level 19 in Ranged Weapons
 16369 | Lair:5   | Entered Level 5 of the Lair of Beasts
 16369 | Lair:5   | Noticed Kirke
 16560 | Lair:5   | Identified the +4 rapier of the Gnat {vorpal, Drain rF+ rC+
                  | Str+3} (Trog gifted it to you on level 5 of the Lair of
                  | Beasts)
 16560 | Lair:5   | Received a gift from Trog
 16646 | Lair:5   | Reached skill level 10 in Fighting
 16936 | Lair:5   | Killed Kirke
 17176 | Lair:5   | Reached XP level 15. HP: 85/93 MP: 16/16
 17290 | Lair:5   | Found a staircase to the Slime Pits.
 17899 | D:12     | Noticed Sonja
 17901 | D:12     | Killed Sonja
 18078 | D:12     | Found a runed translucent door.
 18083 | D:12     | Identified the ring "Eviugot" {Contam rC++ rCorr MP+9
                  | Dex+3}
 18089 | D:12     | Found a staircase to the Orcish Mines.
 18510 | D:13     | Noticed Maurice
 18516 | D:13     | Killed Maurice
 18691 | D:13     | Received a gift from Trog
 18757 | D:13     | Noticed Rupert
 18772 | D:13     | Paralysed by Rupert for 4 turns
 18849 | Orc:1    | Entered Level 1 of the Orcish Mines
 18849 | Orc:1    | Noticed Snorg
 18857 | Orc:1    | Killed Snorg
 19047 | Orc:2    | Entered Level 2 of the Orcish Mines
 19159 | Orc:2    | Reached ****** piety under Trog
 19195 | Orc:2    | Paralysed by an orc sorcerer for 5 turns
 19293 | Orc:2    | Found a staircase to the Elven Halls.
 19492 | Orc:2    | Reached skill level 15 in Armour
 19603 | Orc:2    | Found Baxtitug's Antique Armour Emporium.
 19603 | Orc:2    | Found Qauna's Magic Scroll Emporium.
 19604 | Orc:2    | Found Fawom's Antique Weapon Shoppe.
 19616 | Orc:2    | Paralysed by an orc sorcerer for 5 turns
 20271 | Orc:2    | Received a gift from Trog
 20298 | Orc:2    | Found Muzu's Magic Scroll Shoppe.
 20311 | Orc:2    | Bought a pair of runed gloves for 180 gold pieces
 20502 | D:13     | Paralysed by Rupert for 4 turns
 20512 | D:13     | Killed Rupert
 20844 | D:14     | Found Nonedal's Antique Weapon Shop.
 20930 | D:14     | Found Lumoosea's Serpentskin Sales.
 21128 | D:14     | HP: 4/95 [centaur warrior/arrow (16)]
 21336 | Swamp:1  | Entered Level 1 of the Swamp
 21339 | Swamp:1  | Slain by a goliath frog

Illustrated notes

Levels and vault maps discovered:
D:1:      dpeg_arrival_arbitrary_b, layout_basic
D:2:      layout_basic, uniq_sigmund, uniq_terence, uniq_crazy_yiuf_cottage
D:3:      wander_river, layout_rooms, nicolae_wu_jian_immortal_techniques,
          grunt_qazlal_sundering
D:4:      layout_gridville, serial_shops, nicolae_stop_n_shop_2,
          minmay_misc_feat_rugged, uniq_natasha
D:5:      layout_layer_cave, kennysheep_generic_room_5, uniq_prince_ribbit1,
          uniq_duvessa
D:6:      minmay_polygon_palace, layout_basic, amcnicky_altar_gilded,
          hangedman_decor_opposing
D:7:      layout_loops_corners, vehumet_statue, minmay_small_thing
D:8:      layout_gridville, mainiacjoe_overflow_concentric_impassable,
          nicolae_gozag_seed_capital, uniq_psyche
D:9:      layout_long_grid, nicolae_shop_clearance, uniq_amaemon
D:10:     layout_roguey [special_room_bee], overflow_temple_1_default,
          marbit_many_paths, serial_shops, nicolae_shop_overgrown_old_shop,
          uniq_josephine
D:11:     layout_rooms, david_lair_shrubbed, enter_trove_5
D:12:     layout_cave_pools, orc_0_dummy, minmay_st_funbox,
          nicolae_stop_n_shop_1, minmay_misc_feat_alley,
          chequers_serial_rivers_room_b, kennysheep_opposing_triangles,
          uniq_azrael, uniq_sonja
D:13:     layout_rooms, uniq_maurice, uniq_rupert
D:14:     layout_irregular_city, lightli_vaults_fourway_checkpoint,
          serial_shops, nicolae_shop_waterfront, abandoned_shop, serial_rivers,
          chequers_serial_rivers_micro_e, chequers_serial_rivers_large_a,
          chequers_serial_rivers_small_3, chequers_serial_rivers_micro_e,
          kennysheep_small_spiral, chequers_decorated_corner,
          serial_bayou_pond_a, guppyfry_shop_venom
Lair:1:   layout_small_grid, beast_lair_carwin_3, serial_bayou_shore_b
Lair:2:   layout_misc_corridors, nicolae_swamp_entry_splash_gauntlet,
          spider_nest_entry_funnel_web, beast_lair_carwin_9
Lair:3:   layout_hall_layers, grunt_megastairs_1
Lair:4:   cheibrodos_magma_flow, layout_hall_layers
Lair:5:   minmay_lair_end_frog_pond, layout_cave_pods, slime_entry_1,
          lemuel_fruit_fields, uniq_kirke
Swamp:1:  layout_basic_swamp, nicolae_swamp_godswood, grunt_hermit_hut,
          infiniplex_staircase_pool_2
Orc:1:    layout_caves, basic_altar, uniq_snorg
Orc:2:    st_orc_mages, layout_diamond_mine

Skill      XL: |  1  2  3  4  5  6  7  8  9 10 11 12 13 14 15 |
---------------+----------------------------------------------+-----
Ranged Weapons | 1 2 3 4 6 7 9 11 15 18 19 | 19.8
Armour         | 3 4 5 7 8 9 12 14 15 | 15.4
Dodging        | 3 4 5 7 8 9 11 | 11.9
Fighting       | 4 5 6 7 9 10 11 | 11.2
Long Blades    | |  3.2

Action                   |  1- 3 |  4- 6 |  7- 9 | 10-12 | 13-15 || total
-------------------------+-------+-------+-------+-------+-------++-------
Melee: Falchion          |    49 |       |       |       |       ||    49
       Kick              |    13 |    19 |    75 |   104 |       ||   211
       Peck              |     8 |    12 |    41 |    55 |       ||   116
       Dagger            |     9 |    70 |   194 |   244 |       ||   517
       Punch             |       |       |     1 |     6 |       ||     7
 Fire: Sling             |    26 |    90 |    52 |       |       ||   168
       Shortbow          |       |       |   155 |    95 |       ||   250
       Arbalest          |       |       |       |   240 |   930 ||  1170
Invok: Berserk           |       |     3 |     5 |     9 |       ||    17
       Brothers in Arms  |       |       |       |     1 |     1 ||     2
  Use: Potion            |     1 |       |     2 |     3 |     9 ||    15
       Scroll            |       |       |     5 |    15 |    14 ||    34
 Stab: Sleeping          |     1 |       |       |     1 |       ||     2
Armor: Animal skin       |    10 |    18 |    33 |    29 |       ||    90
       Ring mail         |       |       |       |    17 |    70 ||    87
       Leather armour    |       |       |       |       |     1 ||     1
Dodge: Dodged            |    38 |    54 |   260 |   353 |   355 ||  1060

Table legend: (Time is in decaauts)
 A = Elapsed time spent in this place.
 B = Non-inter-level travel time spent in this place.
 C = Inter-level travel time spent in this place.
 D = Time resting spent in this place.
 E = Time spent auto-exploring this place.
 F = Levels seen in this place.
 G = Mean time per level.
                   A        B        C        D        E       F      G
               +--------+--------+--------+--------+--------+-----+--------+
         Total |  20365 |  18842 |   1523 |   2994 |  11149 |  22 |  925.7 |
       Dungeon |  13025 |  12002 |   1023 |   2049 |   7266 |  14 |  930.4 |
          Lair |   5781 |   5387 |    394 |    435 |   3348 |   5 | 1156.2 |
         Swamp |      2 |      2 |      0 |      0 |      0 |   1 |    2.0 |
  Orcish Mines |   1555 |   1451 |    104 |    510 |    535 |   2 |  777.5 |
               +--------+--------+--------+--------+--------+-----+--------+

Top non-repeatable levels by time:
     D:4: 1802 daAuts
     D:7: 1577 daAuts
  Lair:4: 1426 daAuts
   Orc:2: 1325 daAuts
     D:6: 1289 daAuts
     D:8: 1242 daAuts
    D:11: 1202 daAuts
  Lair:3: 1169 daAuts
  Lair:2: 1138 daAuts
    D:10: 1081 daAuts
  Lair:5: 1061 daAuts
  Lair:1: 984 daAuts
     D:1: 868 daAuts
     D:3: 786 daAuts
     D:5: 768 daAuts
